 Dungeon Crawl Stone Soup version 0.31-a0-799-g6bc09d010c (webtiles) character file.

Game seed: 2919660580158615231

20 cforsyth the Sneak (level 3, -3/30 HPs)
             Began as a Djinni Delver on Sept 20, 2023.
             Slain by a black bear (5 damage)
             ... on level 5 of the Dungeon.
             The game lasted 00:00:52 (243 turns).

cforsyth the Sneak (Djinni Delver)                   Turns: 243, Time: 00:00:53

Health: -3/30      AC:  3    Str: 11    XL:     3   Next: 0%
Gold:   0          EV: 12    Int: 13    God:
                   SH:  0    Dex: 14

rFire   + + .        i - +2 whip (venom)
rCold   x . .        (no shield)
rNeg    . . .        b - +0 leather armour
rPois   ∞            (no helmet)
rElec   .            (no cloak)
rCorr   .            (no gloves)
SInv    .            (boots unavailable)
Will    .....        (no amulet)
Stlth   ++           (no ring)
HPRegen 0.25/turn    (no ring)
MPRegen 0.00/turn

%: infuse magic (-4 HP)
@: flying, very slightly contaminated
A: sickness immunity, fire resistance 2, cold vulnerability 1, float, innate
caster, HP casting, extra vitality 1
a: no special abilities


You were on level 5 of the Dungeon.
You visited 1 branch of the dungeon, and saw 1 of its levels.

Inventory:

Hand Weapons
 a - a +0 falchion
 i - a +2 whip of venom (weapon)
Armour
 b - a +0 leather armour (worn)
Wands
 g - a wand of digging (3)
 h - a wand of charming (6)
Scrolls
 c - a scroll of fog
 d - a scroll of revelation
 e - a scroll of fear
Potions
 f - a potion of haste


   Skills:
 + Level 3.4 Fighting
 - Level 1.7 Long Blades
 - Level 2.1 Dodging
 - Level 4.1 Stealth
 + Level 1.0 Spellcasting
 + Level 1.0 Conjurations
 + Level 1.0 Hexes
   Level 0.0 Charms
 + Level 1.0 Summonings
 + Level 1.0 Necromancy
 + Level 1.0 Translocations
 + Level 1.0 Transmutations
 + Level 1.0 Fire Magic
 + Level 1.0 Ice Magic
 + Level 1.0 Air Magic
 + Level 1.0 Earth Magic
 + Level 1.0 Poison Magic


You knew the following spells:

 Your Spells              Type           Power      Damage    Failure   Level
a - Freeze                Ice            12%        1d3       24%         1
Your spell library was empty.

Dungeon Overview and Level Annotations

Branches:
Dungeon (5/15)
 Temple: D:4-7

Altars:


Innate Abilities, Weirdness & Mutations

You are immune to sickness and miasma.
You are immune to poison.
Your flesh is very heat resistant. (rF++)
You are vulnerable to cold. (rC-)
You float through the air rather than walking.
You learn spells naturally, not from books.
Your magical power is your life essence.
You have superior vitality. (+4 MHP)


Message History

Nothing appears to happen.
The black bear goes berserk!
Casting: Freeze (safe; 24% risk of failure)
Confirm with . or Enter, or press ? or * to list all spells.
Aiming: Freeze (safe; 24% risk of failure)
Press: ? - help, Shift-Dir - straight line, f/p - black bear
Aim: a black bear (severely wounded, berserk, extremely poisoned)
You miscast Freeze.
Nothing appears to happen.
The black bear bites you.
* * * LOW HITPOINT WARNING * * *
The black bear barely misses you.
The black bear claws you but does no damage.
The black bear misses you. The black bear closely misses you.
The black bear claws you but does no damage.
Casting: Freeze (safe; 24% risk of failure)
Confirm with . or Enter, or press ? or * to list all spells.
Aiming: Freeze (safe; 24% risk of failure)
Press: ? - help, Shift-Dir - straight line, f/p - black bear
Aim: a black bear (severely wounded, berserk, extremely poisoned)
You freeze the black bear.
The black bear is almost dead.
* * * LOW HITPOINT WARNING * * *
The black bear bites you.
* * * LOW HITPOINT WARNING * * *
The black bear completely misses you.
The black bear claws you but does no damage.
Casting: Freeze (safe; 24% risk of failure)
Confirm with . or Enter, or press ? or * to list all spells.
Aiming: Freeze (safe; 24% risk of failure)
Press: ? - help, Shift-Dir - straight line, f/p - black bear
Aim: a black bear (almost dead, berserk, very poisoned)
You freeze the black bear.
The black bear is almost dead.
* * * LOW HITPOINT WARNING * * *
The black bear bites you.
* * * LOW HITPOINT WARNING * * *
The black bear barely misses you.
The black bear claws you but does no damage.
The black bear bites you.
* * * LOW HITPOINT WARNING * * *
The black bear closely misses you. The black bear claws you.
You die...

.. #.# .. #.# #. #.#
#.## #.# #..# ###.##
#.#####....####
#.......#.....### .
###...)).###......##....
......).## #....@h......
.......## #.............
##.....####.........##..
#..###..##.........##
#.## ##............# ..
##......##..## .#
##....###.## . #>..##
..# # #....#


You could see a black bear (berserk, very poisoned).

Vanquished Creatures
  A gnoll (D:5)
1 creature vanquished.

Vanquished Creatures (collateral kills)
  A gnoll (D:5)
1 creature vanquished.

Vanquished Creatures (others)
  2 gnolls (D:5)
2 creatures vanquished.

Grand Total: 4 creatures vanquished

Notes
Turn   | Place    | Note
-------+----------+-------------------------------------------
     0 | D:5      | cforsyth the Djinni Delver began the quest for the Orb.
     0 | D:5      | Reached XP level 1. HP: 20/20 MP: 0/0
    34 | D:5      | Reached XP level 2. HP: 13/25 MP: 0/0
    39 | D:5      | Reached skill level 1 in Spellcasting
    39 | D:5      | Reached skill level 1 in Conjurations
    39 | D:5      | Reached skill level 1 in Hexes
    39 | D:5      | Reached skill level 1 in Summonings
    39 | D:5      | Reached skill level 1 in Necromancy
    39 | D:5      | Reached skill level 1 in Translocations
    39 | D:5      | Reached skill level 1 in Transmutations
    39 | D:5      | Reached skill level 1 in Fire Magic
    39 | D:5      | Reached skill level 1 in Ice Magic
    39 | D:5      | Reached skill level 1 in Air Magic
    39 | D:5      | Reached skill level 1 in Earth Magic
    39 | D:5      | Reached skill level 1 in Poison Magic
    39 | D:5      | Reached XP level 3. HP: 10/30 MP: 0/0
    39 | D:5      | Learned a level 1 spell: Freeze
   230 | D:5      | Noticed a black bear
   243 | D:5      | Slain by a black bear

Illustrated notes

Levels and vault maps discovered:
D:5:      lemuel_ratsnest, layout_layer_cave, fedhas_altar_decomposition,
          mainiacjoe_overflow_alcove_2

Skill      XL: |  1  2 |
---------------+-------+-----
Spellcasting   | 1 |  1.0
Conjurations   | 1 |  1.0
Hexes          | 1 |  1.0
Summonings     | 1 |  1.0
Necromancy     | 1 |  1.0
Translocations | 1 |  1.0
Transmutations | 1 |  1.0
Fire Magic     | 1 |  1.0
Ice Magic      | 1 |  1.0
Air Magic      | 1 |  1.0
Earth Magic    | 1 |  1.0
Poison Magic   | 1 |  1.0
Fighting       | |  3.4
Long Blades    | |  1.7
Dodging        | |  2.1
Stealth        | |  4.1

Action                     || total
---------------------------++-------
  Melee: Falchion          ||     4
         Whip              ||     5
   Cast: Freeze            ||     2
  Evoke: Wand              ||     4
 Armour: Leather armour    ||    25
  Dodge: Dodged            ||    14

Table legend: (Time is in decaauts)
 A = Elapsed time spent in this place.
 B = Non-inter-level travel time spent in this place.
 C = Inter-level travel time spent in this place.
 D = Time resting spent in this place.
 E = Time spent auto-exploring this place.
 F = Levels seen in this place.
 G = Mean time per level.
                   A        B        C        D        E       F      G
               +--------+--------+--------+--------+--------+-----+--------+
         Total |    243 |    243 |      0 |    178 |     18 |   1 |  243.0 |
       Dungeon |    243 |    243 |      0 |    178 |     18 |   1 |  243.0 |
               +--------+--------+--------+--------+--------+-----+--------+

Top non-repeatable levels by time:
     D:5: 243 daAuts
